TOP OF THE 1ST |
Fort Wayne TinCaps batting - Pitching for Wisconsin Timber Rattlers : RHP Matysh Ekmalyan
|
Pitching: RHP Matysh Ekmalyan
|
|
Batting: SHB Detlef Oursler
|
0-0: Ball 1-0: Ball 2-0: Ball 3-0: Base on Balls
|
Batting: RHB Adrian Cook
|
Pickoff Play to 1st, Runner tries for 2nd, OUT after rundown. 0-0: Foul Ball, location: 2F 0-1: Ball 1-1: Ground out 5-3 (Groundball, 56S, EV 88.8 MPH)
|
Batting: LHB Chad Cutler
|
0-0: Called Strike 0-1: Ground out 5-3 (Groundball, 56S, EV 84.4 MPH)
|
Top of the 1st over - 0 runs, 0 hits, 0 errors, 0 left on base; Fort Wayne 0 - Wisconsin 0 |
BOTTOM OF THE 1ST |
Wisconsin Timber Rattlers batting - Pitching for Fort Wayne TinCaps : LHP Juan Lopez
|
Pitching: LHP Juan Lopez
|
|
Batting: RHB Victor Alarcon
|
0-0: Called Strike 0-1: SINGLE (Groundball, 25, EV 61.9 MPH) (infield hit)
|
Batting: SHB C.J. Olivares
|
0-0: Swinging Strike 0-1: Ball 1-1: Ball 2-1: Ball 3-1: SINGLE (Line Drive, 4D, EV 105.6 MPH) Victor Alarcon to second
|
Batting: LHB Karel Hort
|
0-0: Foul Ball, location: 2F 0-1: Ball 1-1: Ball 2-1: Ball 3-1: Foul Ball, location: 2F 3-2: Fly out, F9 (Flyball, 9LM, EV 98.1 MPH)
|
Batting: SHB Jerry Duffy
|
0-0: Foul Ball, location: 2F 0-1: Called Strike Victor Alarcon is caught stealing 3rd base 2-5 C.J. Olivares to second 0-2: Ball 1-2: Ball 2-2: Strikes out swinging
|
Bottom of the 1st over - 0 runs, 2 hits, 0 errors, 1 left on base; Fort Wayne 0 - Wisconsin 0 |
TOP OF THE 2ND |
Fort Wayne TinCaps batting - Pitching for Wisconsin Timber Rattlers : RHP Matysh Ekmalyan
|
Batting: LHB Sean Trueblood
|
0-0: Called Strike 0-1: Fly out, F9 (Flyball, 9, EV 90.0 MPH)
|
Batting: LHB Justin Alworth
|
0-0: Foul Ball, location: 2F 0-1: Ball 1-1: Ball 2-1: Ball 3-1: Base on Balls
|
Batting: SHB Cesar Arteaga
|
0-0: Fly out, F9 (Flyball, 9LSF, EV 86.9 MPH)
|
Batting: RHB Danny Gallegos
|
0-0: Ball 1-0: Called Strike 1-1: Foul Ball, location: 2F 1-2: Ball 2-2: Ball 3-2: Strikes out swinging
|
Top of the 2nd over - 0 runs, 0 hits, 0 errors, 1 left on base; Fort Wayne 0 - Wisconsin 0 |
BOTTOM OF THE 2ND |
Wisconsin Timber Rattlers batting - Pitching for Fort Wayne TinCaps : LHP Juan Lopez
|
Batting: RHB Alfredo Sena
|
0-0: Ball 1-0: Ball 2-0: Ground out U3 (Groundball, 34, EV 85.6 MPH)
|
Batting: SHB Ramon Perez
|
0-0: Ball 1-0: Ball 2-0: Foul Ball, location: 2F 2-1: Foul Ball, location: 2F 2-2: Ball 3-2: Base on Balls
|
Batting: RHB Juan Villanueva
|
0-0: Called Strike 0-1: Ball 1-1: Foul Ball, location: 2F 1-2: Ball 2-2: Ball 3-2: SINGLE (Line Drive, 5L, EV 98.8 MPH) Ramon Perez to second
|
Batting: LHB Umar Matoub
|
0-0: Foul Ball, location: 2F 0-1: Foul Ball, location: 2F 0-2: Strikes out swinging
|
Batting: RHB Chris Riddel
|
0-0: Ball 1-0: Called Strike 1-1: Ball 2-1: Ball 3-1: SINGLE (Groundball, 4D, EV 94.4 MPH) Ramon Perez to third Juan Villanueva to second
|
Batting: RHB Victor Alarcon
|
0-0: Called Strike 0-1: Ball 1-1: Called Strike 1-2: Foul Ball, location: 2F 1-2: Ball 2-2: Foul Ball, location: 2F 2-2: Ball 3-2: Foul Ball, location: 2F 3-2: Strikes out swinging
|
Bottom of the 2nd over - 0 runs, 2 hits, 0 errors, 3 left on base; Fort Wayne 0 - Wisconsin 0 |
TOP OF THE 3RD |
Fort Wayne TinCaps batting - Pitching for Wisconsin Timber Rattlers : RHP Matysh Ekmalyan
|
Batting: RHB Brian Klinkner
|
0-0: Ball 1-0: Foul Ball, location: 2F 1-1: Foul Ball, location: 2F 1-2: TRIPLE (Line Drive, 89XD, EV 112.5 MPH)
|
Batting: RHB Ricky Trejo
|
0-0: SINGLE (Groundball, 6MD, EV 103.1 MPH) Brian Klinkner scores
|
Batting: SHB Detlef Oursler
|
0-0: Ball 1-0: Foul Ball, location: 2F 1-1: Ball 2-1: Foul Ball, location: 2F 2-2: SINGLE (Groundball, 3D, EV 95.0 MPH) Ricky Trejo to second Runner from 2nd tries for 3rd, SAFE, throw by RF made to third
|
Batting: RHB Adrian Cook
|
0-0: Ball 1-0: Called Strike Detlef Oursler steals 2nd base (no throw) 1-1: Called Strike 1-2: Strikes out swinging
|
Batting: LHB Chad Cutler
|
0-0: Ball 1-0: Swinging Strike 1-1: Ground out 4-3 (Groundball, 4, EV 95.6 MPH) Ricky Trejo scores Detlef Oursler to third
|
Batting: LHB Sean Trueblood
|
0-0: Ball 1-0: Called Strike 1-1: Ball 2-1: Ground out 3-1 (Groundball, 34, EV 108.1 MPH)
|
Top of the 3rd over - 2 runs, 3 hits, 0 errors, 1 left on base; Fort Wayne 2 - Wisconsin 0 |
BOTTOM OF THE 3RD |
Wisconsin Timber Rattlers batting - Pitching for Fort Wayne TinCaps : LHP Juan Lopez
|
Batting: SHB C.J. Olivares
|
0-0: Called Strike 0-1: Ball 1-1: Fly out, F9 (Line Drive, 9, EV 90.6 MPH)
|
Batting: LHB Karel Hort
|
0-0: Foul Ball, location: 2F 0-1: Ball 1-1: Called Strike 1-2: Strikes out swinging
|
Batting: SHB Jerry Duffy
|
0-0: Ground out 6-3 (Groundball, 6, EV 87.5 MPH)
|
Bottom of the 3rd over - 0 runs, 0 hits, 0 errors, 0 left on base; Fort Wayne 2 - Wisconsin 0 |
TOP OF THE 4TH |
Fort Wayne TinCaps batting - Pitching for Wisconsin Timber Rattlers : RHP Matysh Ekmalyan
|
Batting: LHB Justin Alworth
|
0-0: Ball 1-0: SOLO HOME RUN (Flyball, 9D, EV 98.1 MPH), Distance : 358 ft
|
Batting: SHB Cesar Arteaga
|
0-0: Ball 1-0: SINGLE (Flyball, 8RS, EV 86.2 MPH)
|
Batting: RHB Danny Gallegos
|
0-0: Called Strike 0-1: Called Strike 0-2: Ball 1-2: Foul Ball, location: 2F 1-2: Ball 2-2: Ball 3-2: Strikes out looking
|
Batting: RHB Brian Klinkner
|
0-0: Ball 1-0: Swinging Strike 1-1: Swinging Strike 1-2: Foul Ball, location: 2F 1-2: Ball 2-2: Ball 3-2: Strikes out looking Cesar Arteaga is caught stealing 2nd base 2-4 Batter strikes out.
|
Top of the 4th over - 1 run, 2 hits, 0 errors, 0 left on base; Fort Wayne 3 - Wisconsin 0 |
BOTTOM OF THE 4TH |
Wisconsin Timber Rattlers batting - Pitching for Fort Wayne TinCaps : LHP Juan Lopez
|
Batting: RHB Alfredo Sena
|
0-0: Ball 1-0: Foul Ball, location: 2F 1-1: Ball 2-1: SOLO HOME RUN (Flyball, 9D, EV 96.9 MPH), Distance : 357 ft
|
Batting: SHB Ramon Perez
|
0-0: Ball 1-0: Called Strike 1-1: Swinging Strike 1-2: Foul Ball, location: 2F 1-2: Foul Ball, location: 2F 1-2: Ball 2-2: Ball 3-2: Fly out, F7 (Flyball, 7D, EV 88.8 MPH)
|
Batting: RHB Juan Villanueva
|
0-0: Foul Ball, location: 2F 0-1: DOUBLE (Line Drive, 89D, EV 111.9 MPH)
|
Batting: LHB Umar Matoub
|
0-0: Called Strike 0-1: Ball 1-1: Ball 2-1: Ground out 5-3 (Groundball, 6, EV 108.8 MPH)
|
Batting: RHB Chris Riddel
|
0-0: Ball 1-0: Ball 2-0: Ball 3-0: Called Strike 3-1: SINGLE (Line Drive, 89S, EV 103.8 MPH) Juan Villanueva to third Runner from 3rd tries for Home, SAFE, throw by CF to home
|
Batting: RHB Victor Alarcon
|
0-0: Swinging Strike 0-1: TRIPLE (Flyball, 89XD, EV 108.1 MPH) Chris Riddel scores
|
Batting: SHB C.J. Olivares
|
0-0: Swinging Strike 0-1: Ball 1-1: Swinging Strike 1-2: Ground out U3 (Groundball, 34, EV 83.1 MPH)
|
Bottom of the 4th over - 3 runs, 4 hits, 0 errors, 1 left on base; Fort Wayne 3 - Wisconsin 3 |
TOP OF THE 5TH |
Fort Wayne TinCaps batting - Pitching for Wisconsin Timber Rattlers : RHP Matysh Ekmalyan
|
Batting: RHB Ricky Trejo
|
0-0: Called Strike 0-1: Swinging Strike 0-2: Strikes out swinging
|
Batting: SHB Detlef Oursler
|
0-0: Ball 1-0: Ground out 5-3 (Groundball, 5, EV 86.2 MPH)
|
Batting: RHB Adrian Cook
|
0-0: Ball 1-0: Called Strike 1-1: Ball 2-1: Foul Ball, location: 2F 2-2: Strikes out swinging
|
Top of the 5th over - 0 runs, 0 hits, 0 errors, 0 left on base; Fort Wayne 3 - Wisconsin 3 |
BOTTOM OF THE 5TH |
Wisconsin Timber Rattlers batting - Pitching for Fort Wayne TinCaps : LHP Juan Lopez
|
Pitching: RHP Kurt Loscalzo
|
|
Batting: LHB Karel Hort
|
0-0: Hit by Pitch
|
Batting: SHB Jerry Duffy
|
0-0: Ball 1-0: Grounds into double play, 5-4-3 (Groundball, 56, EV 80.6 MPH)
|
Batting: RHB Alfredo Sena
|
0-0: Ball 1-0: Called Strike 1-1: Ball 2-1: Foul Ball, location: 2F 2-2: Fly out, F8 (Flyball, 8RD, EV 98.1 MPH)
|
Bottom of the 5th over - 0 runs, 0 hits, 0 errors, 0 left on base; Fort Wayne 3 - Wisconsin 3 |
TOP OF THE 6TH |
Fort Wayne TinCaps batting - Pitching for Wisconsin Timber Rattlers : RHP Matysh Ekmalyan
|
Batting: LHB Chad Cutler
|
0-0: Ball 1-0: Foul Ball, location: 2F 1-1: Fly out, F8 (Flyball, 8LM, EV 79.4 MPH)
|
Batting: LHB Sean Trueblood
|
0-0: Foul Ball, location: 2F 0-1: Ball 1-1: Foul Ball, location: 2F 1-2: Ball 2-2: Foul Ball, location: 2F 2-2: Foul Ball, location: 2F 2-2: Ball 3-2: Ground out 4-3 (Groundball, 4, EV 83.1 MPH)
|
Batting: LHB Justin Alworth
|
0-0: Ball 1-0: Ball 2-0: Foul Ball, location: 2F 2-1: Called Strike 2-2: Ground out 6-3 (Groundball, 6, EV 104.4 MPH)
|
Top of the 6th over - 0 runs, 0 hits, 0 errors, 0 left on base; Fort Wayne 3 - Wisconsin 3 |
BOTTOM OF THE 6TH |
Wisconsin Timber Rattlers batting - Pitching for Fort Wayne TinCaps : RHP Kurt Loscalzo
|
Batting: SHB Ramon Perez
|
0-0: Fly out, F7 (Flyball, 78M, EV 90.0 MPH)
|
Batting: RHB Juan Villanueva
|
0-0: Ball 1-0: Called Strike 1-1: Foul Ball, location: 2F 1-2: Strikes out looking
|
Batting: LHB Umar Matoub
|
0-0: Called Strike 0-1: Swinging Strike 0-2: Ball 1-2: Ball 2-2: Foul Ball, location: 2F 2-2: Strikes out swinging, 2-3 out at first.
|
Bottom of the 6th over - 0 runs, 0 hits, 0 errors, 0 left on base; Fort Wayne 3 - Wisconsin 3 |
TOP OF THE 7TH |
Fort Wayne TinCaps batting - Pitching for Wisconsin Timber Rattlers : RHP Matysh Ekmalyan
|
Batting: SHB Cesar Arteaga
|
0-0: Foul Ball, location: 2F 0-1: DOUBLE (Flyball, 89D, EV 108.1 MPH)
|
Pitching: RHP Jon Warren
|
|
Pinch Hitting: LHB Tony Contreras
|
0-0: Ball 1-0: Ball 2-0: Ball 3-0: Base on Balls
|
Batting: RHB Brian Klinkner
|
0-0: Called Strike 0-1: Ball 1-1: Ball 2-1: Ball 3-1: Base on Balls Cesar Arteaga to third Tony Contreras to second
|
Pinch Hitting: LHB Javy Portela
|
0-0: Ball 1-0: Ball 2-0: Called Strike 2-1: Fly out, F8 (Flyball, 8RM, EV 96.9 MPH) Runner from 3rd tags up, SCORES, throw by CF
|
Batting: SHB Detlef Oursler
|
0-0: Ball 1-0: Called Strike 1-1: Swinging Strike 1-2: Strikes out swinging
|
Batting: RHB Adrian Cook
|
0-0: Ball 1-0: Called Strike 1-1: Ball 2-1: Foul Ball, location: 2F 2-2: SINGLE (Line Drive, 89S, EV 92.5 MPH) Tony Contreras to third Brian Klinkner to second
|
Batting: LHB Chad Cutler
|
0-0: Ball 1-0: Called Strike 1-1: Ball 2-1: Swinging Strike 2-2: Strikes out swinging
|
Top of the 7th over - 1 run, 2 hits, 0 errors, 3 left on base; Fort Wayne 4 - Wisconsin 3 |
BOTTOM OF THE 7TH |
Wisconsin Timber Rattlers batting - Pitching for Fort Wayne TinCaps : RHP Kurt Loscalzo
|
Now at 3B: Dustin Hartman
|
|
Now in CF: Adrian Cook
|
|
Now in RF: Tony Contreras
|
|
Batting: RHB Chris Riddel
|
0-0: Ball 1-0: Called Strike 1-1: Swinging Strike 1-2: Ball 2-2: Ball 3-2: Foul Ball, location: 2F 3-2: Strikes out swinging
|
Batting: RHB Victor Alarcon
|
0-0: Ball 1-0: Ball 2-0: Ball 3-0: Base on Balls
|
Batting: SHB C.J. Olivares
|
0-0: Ball Victor Alarcon is caught stealing 2nd base 2-6 1-0: Foul Ball, location: 2F 1-1: Ball 2-1: Ball 3-1: Base on Balls
|
Batting: LHB Karel Hort
|
0-0: Ball 1-0: Ball 2-0: Ball 3-0: Base on Balls C.J. Olivares to second
|
Pitching: RHP Mike Swenson
|
|
Batting: SHB Jerry Duffy
|
0-0: Ball 1-0: Called Strike 1-1: Foul Ball, location: 2F 1-2: Ball 2-2: Ball 3-2: Foul Ball, location: 2F 3-2: Strikes out swinging
|
Bottom of the 7th over - 0 runs, 0 hits, 0 errors, 2 left on base; Fort Wayne 4 - Wisconsin 3 |
TOP OF THE 8TH |
Fort Wayne TinCaps batting - Pitching for Wisconsin Timber Rattlers : RHP Jon Warren
|
Pitching: RHP Josh Hebert
|
|
Batting: LHB Sean Trueblood
|
0-0: Ball 1-0: Foul Ball, location: 2F 1-1: SINGLE (Groundball, 4D, EV 103.1 MPH)
|
Batting: LHB Justin Alworth
|
0-0: Ball 1-0: Ball 2-0: Swinging Strike Passed Ball! Sean Trueblood to second 2-1: Ball 3-1: Foul Ball, location: 2F 3-2: Foul Ball, location: 2F 3-2: Strikes out swinging
|
Batting: SHB Cesar Arteaga
|
0-0: Called Strike 0-1: Called Strike 0-2: Strikes out swinging
|
Batting: LHB Tony Contreras
|
0-0: Swinging Strike 0-1: Called Strike 0-2: Foul Ball, location: 2F 0-2: Strikes out swinging
|
Top of the 8th over - 0 runs, 1 hit, 0 errors, 1 left on base; Fort Wayne 4 - Wisconsin 3 |
BOTTOM OF THE 8TH |
Wisconsin Timber Rattlers batting - Pitching for Fort Wayne TinCaps : RHP Mike Swenson
|
Pitching: RHP Phil Holmes
|
|
Batting: RHB Alfredo Sena
|
0-0: Ball 1-0: Ground out 6-3 (Groundball, 56, EV 85.0 MPH)
|
Batting: SHB Ramon Perez
|
0-0: Ball 1-0: Ball 2-0: Ball 3-0: Called Strike 3-1: Base on Balls
|
Pinch Hitting: SHB Sam Bingham
|
0-0: SINGLE (Flyball, 3D, EV 88.8 MPH) Ramon Perez to second
|
Batting: LHB Umar Matoub
|
0-0: Ball 1-0: Ball 2-0: Fielders Choice at 2nd, 5-4 (Groundball, 56, EV 94.4 MPH) Ramon Perez to third
|
Batting: RHB Chris Riddel
|
0-0: Called Strike 0-1: Called Strike 0-2: Ball 1-2: Foul Ball, location: 2F 1-2: Strikes out swinging
|
Bottom of the 8th over - 0 runs, 1 hit, 0 errors, 2 left on base; Fort Wayne 4 - Wisconsin 3 |
TOP OF THE 9TH |
Fort Wayne TinCaps batting - Pitching for Wisconsin Timber Rattlers : RHP Josh Hebert
|
Now at SS: Sam Bingham
|
|
Batting: RHB Brian Klinkner
|
0-0: Ball 1-0: Swinging Strike 1-1: Foul Ball, location: 2F 1-2: Ground out U3 (Groundball, 34, EV 97.5 MPH)
|
Batting: RHB Dustin Hartman
|
0-0: Called Strike 0-1: Ball 1-1: Swinging Strike 1-2: Foul Ball, location: 2F 1-2: Strikes out looking
|
Batting: SHB Detlef Oursler
|
0-0: Swinging Strike 0-1: Foul Ball, location: 2F 0-2: Ball 1-2: Foul Ball, location: 2F 1-2: Strikes out looking
|
Top of the 9th over - 0 runs, 0 hits, 0 errors, 0 left on base; Fort Wayne 4 - Wisconsin 3 |
BOTTOM OF THE 9TH |
Wisconsin Timber Rattlers batting - Pitching for Fort Wayne TinCaps : RHP Phil Holmes
|
Pitching: RHP Jose Ramos
|
|
Now at 1B: Dustin Hartman
|
|
Now at 3B: Marcus Dawson
|
|
Batting: RHB Victor Alarcon
|
0-0: Called Strike 0-1: Swinging Strike 0-2: Strikes out looking
|
Batting: SHB C.J. Olivares
|
0-0: Ground out 6-3 (Groundball, 6M, EV 83.8 MPH)
|
Batting: LHB Karel Hort
|
0-0: Foul Ball, location: 2F 0-1: Swinging Strike 0-2: Ball 1-2: Ball 2-2: Fly out, F3 (Popup, 23F, EV 82.5 MPH)
|
Bottom of the 9th over - 0 runs, 0 hits, 0 errors, 0 left on base; Fort Wayne 4 - Wisconsin 3 |
|